 Dungeon Crawl Stone Soup version 0.27-a0-909-g0721f309d1 (webtiles) character file.

Game seed: 11179906304683104137

57891 jestyr24 the Fighter (level 14, -26/132 HPs)
             Began as a Demonspawn Conjurer on Apr 8, 2021.
             Was a Plaything of Xom.
             Killed from afar by a deep elf annihilator (39 damage)
             ... with an iron shot
             ... on level 1 of the Elven Halls on Apr 9, 2021.
             The game lasted 04:10:10 (22270 turns).

jestyr24 the Fighter (Demonspawn Conjurer)         Turns: 22270, Time: 04:10:11

Health: -26/132    AC: 11    Str: 13    XL:     14   Next: 47%
Magic:  0/37       EV: 19    Int: 31    God:    Xom [.*....]
Gold:   1930       SH:  0    Dex: 15    Spells: 11/34 levels left

rFire    + . .     SeeInvis .   b - +6 trident of Vogakuh {elec, +Blink Int+4}
rCold    . . .     Faith    .   J - +0 buckler
rNeg     . . .     Spirit   +   I - +0 troll leather armour
rPois    .         Reflect  .   C - +0 helmet of Privacy {Str+5}
rElec    .         Harm     .   h - +2 cloak
rCorr    .         Rampage  .   i - +1 pair of gloves
Will     +....     Rnd*Rage +   x - +0 pair of boots
Stlth    ++........             e - amulet of the acrobat
HPRegen  2.32/turn              c - +4 ring of slaying
MPRegen  0.50/turn              B - ring of magical power

@: confused, mighty, agile, unable to read, slowed, studying Maces & Flails,
very slow
A: hooves 2, powered by pain 2, magic shield, magic regeneration, big brain 2,
claws 1, thin skeletal structure 1, berserk 1, fire resistance 1, sense
surroundings 1, regeneration 1, robust 1, evolution 1, inability to read while
threatened
a: Renounce Religion, Evoke Blink


You were on level 1 of the Elven Halls.
You worshipped Xom.
You were a plaything of Xom.
You visited 4 branches of the dungeon, and saw 21 of its levels.
You visited the Abyss 1 time.
You also visited: Bailey.

You collected 3077 gold pieces.
You spent 1147 gold pieces at shops.

Inventory:

Hand Weapons
 b - the +6 trident of Vogakuh (weapon) {elec, +Blink Int+4}
   (You found it on level 2 of the Lair of Beasts)

   Occasionally, upon striking a foe, it can discharge electrical energy and
   cause terrible harm.
   It affects your intelligence (+4).
   It lets you blink.
 E - a +6 vorpal dagger
 L - a +3 dire flail
 R - the +6 spear "Zoadashy" {flame, rElec Str-4 Int+4 Dex+5}
   (You found it on level 9 of the Dungeon)

   It has been specially enchanted to burn those struck by it, causing extra
   injury to most foes and up to half again as much damage against particularly
   susceptible opponents.
   It affects your strength (-4).
   It affects your intelligence (+4).
   It affects your dexterity (+5).
   It insulates you from electricity.
 T - a +4 flail
 V - a +0 great mace
Missiles
 j - 88 boomerangs
 n - 9 javelins
 p - 80 poisoned darts (quivered)
 t - 8 curare-tipped darts
 y - 5 throwing nets
 M - 6 datura-tipped darts
 Q - 7 atropa-tipped darts
Armour
 d - a +2 leather armour of poison resistance
 h - a +2 cloak (worn)
 i - a +1 pair of gloves (worn)
 l - a +0 robe
 x - a +0 pair of boots (worn)
 C - the +0 helmet of Privacy (worn) {Str+5}
   (You bought it in a shop on level 2 of the Orcish Mines)

   It affects your strength (+5).
 I - a +0 troll leather armour (worn)
 J - a +0 buckler (worn)
Magical Staves
 a - a staff of conjuration
Jewellery
 c - a +4 ring of slaying (left hand)
 e - an amulet of the acrobat (around neck)
 f - a +4 ring of evasion
 v - a ring of see invisible
 B - a ring of magical power (right hand)
 D - a +4 ring of evasion
 F - a +6 ring of dexterity
 K - a ring of willpower
Wands
 g - a wand of charming (10)
 u - a wand of acid (7)
 H - a wand of iceblast (5)
 O - a wand of flame (23)
 W - a wand of paralysis (7)
 Z - a wand of mindburst (26)
Scrolls
 k - 4 scrolls of identify
 m - 6 scrolls of amnesia
 o - 2 scrolls of blinking
 q - 6 scrolls of teleportation
 r - a scroll of fog
 U - 2 scrolls of enchant weapon
 X - a scroll of silence
 Y - 6 scrolls of enchant armour
Potions
 s - 2 potions of brilliance
 w - 2 potions of might
 z - 2 potions of haste
 A - 4 potions of curing
 G - a potion of flight
 N - 8 potions of ambrosia
 S - a potion of resistance


   Skills:
 - Level 14.1 Fighting
 - Level 3.3 Maces & Flails
 - Level 1.3 Polearms
 - Level 0.7 Throwing
 - Level 1.0 Armour
 - Level 6.6 Dodging
 - Level 6.5 Stealth
 - Level 10.5 Spellcasting
 - Level 11.5 Conjurations
 - Level 5.6 Hexes
 - Level 4.9 Translocations
 + Level 4.1 Air Magic
 - Level 5.5 Evocations


You had 11 spell levels left.
You knew the following spells:

 Your Spells              Type           Power      Damage    Failure   Level
a - Magic Dart            Conj           100%       1d8       1%          1
b - Searing Ray           Conj           100%       3d7       1%          2
c - Iskenderun's Mystic   Conj/Tloc      61%        2d13      2%          4
d - Fulminant Prism       Conj/Hex       31%        3d16      1%          4
e - Dazzling Flash        Conj/Hex       100%       N/A       1%          3
f - Tornado               Air            20%        N/A       100%        9

Your spell library contained the following spells:

 Spells                   Type           Power      Damage    Failure   Level
 Apportation              Tloc           94%        N/A       1%          1
 Corona                   Hex            55%        N/A       1%          1
 Blink                    Tloc           N/A        N/A       1%          2
 Slow                     Hex            50%        N/A       1%          2
 Confusing Touch          Hex            50%        N/A       1%          3
 Conjure Flame            Conj/Fire      51%        6-21      1%          3
 Tukima's Dance           Hex            50%        N/A       1%          3
 Gell's Gravitas          Tloc           23%        N/A       2%          3
 Lesser Beckoning         Tloc           23%        N/A       2%          3
 Mephitic Cloud           Conj/Pois/Air  48%        N/A       2%          3
 Ensorcelled Hibernation  Hex/Ice        66%        N/A       3%          2
 Summon Guardian Golem    Hex/Summ       33%        N/A       6%          3
 Summon Small Mammal      Summ           64%        N/A       7%          1
 Call Imp                 Summ           16%        N/A       10%         2
 Irradiate                Conj/Tmut      25%        3d21      17%         5
 Call Canine Familiar     Summ           16%        N/A       21%         3
 Silence                  Hex/Air        23%        N/A       24%         5
 Summon Lightning Spire   Summ/Air       29%        N/A       28%         4
 Conjure Ball Lightning   Conj/Air       30%        3x3d10    38%         6
 Metabolic Englaciation   Hex/Ice        16%        N/A       50%         5
 Yara's Violent Unravell  Hex/Tmut       16%        3d8       50%         5
 Petrify                  Tmut/Erth      16%        N/A       54%         4
 Summon Ice Beast         Ice/Summ       16%        N/A       54%         4
 Invisibility             Hex            50%        N/A       69%         6
 Alistair's Intoxication  Tmut/Pois      10%        N/A       88%         5
 Blade Hands              Tmut           8%         N/A       100%        6
 Statue Form              Tmut/Erth      10%        N/A       100%        6
 Dragon Form              Tmut           8%         N/A       100%        7


Dungeon Overview and Level Annotations

Branches:
Dungeon (14/15)            Temple (0/1) D:4            Lair (4/6) D:10
 Shoals (0/4) Lair:3        Snake (0/4) Lair:4          Orc (2/2) D:10
    Elf (1/3) Orc:2        Bailey (visited)
 Vaults: D:13-14

Altars:
Dithmenos
Elyvilon
Fedhas
Hepliaklqana
Makhleb
Nemelex Xobeh
Okawaru
Sif Muna
Trog
Uskayaw
Xom
The Shining One
Beogh

Shops:
D:2 *   Orc:1 *   Orc:2 =*[(

Annotations:
D:13 2 transporters
Lair:3 2 transporters, Jempith's ghost, journeyman MiFi


Innate Abilities, Weirdness & Mutations

You have hoof-like feet.
You sometimes gain power by taking damage.
When hurt, damage is shared between your health and your magic reserves.
You regenerate magic rapidly.
You have an extremely huge brain. (Int +4)
You have sharp fingernails.
You have a somewhat thin skeletal structure. (Dex +2, Stealth)
You tend to lose your temper in combat.
Your flesh is heat resistant. (rF+)
You passively map a small area around you.
Your natural rate of healing is unusually fast.
You are robust. (+10% HP)
You evolve.
You sometimes lose the ability to read scrolls when taking damage.


Message History

The deep elf annihilator slams into the rock wall!
You feel very sick.
The deep elf archer shoots an arrow.
You block the arrow.
The deep elf annihilator hits you with a +0 dagger.
* * * LOW HITPOINT WARNING * * *
Okay, then.
You cannot read scrolls in your current state!
You feel better.
The deep elf archer blinks!
A deep elf zephyrmancer comes into view.
It is wielding a staff of cold.
The deep elf archer gestures at you while chanting.
You are confused.
The deep elf annihilator misses you.
The deep elf archer unwields a +0 dagger.
The deep elf archer wields a +0 longbow.
The deep elf archer shoots an arrow.
The arrow hits you!
* * * LOW HITPOINT WARNING * * *
You're too confused to cast spells.
Unknown command.
The deep elf annihilator closely misses you.
The deep elf zephyrmancer casts a spell at you.
The bolt of lightning hits you!!
* * * LOW HITPOINT WARNING * * *
The deep elf archer shoots an arrow.
The arrow misses you.
The deep elf archer unwields a +0 longbow.
The deep elf archer wields a +0 short sword.
The deep elf archer misses you. The deep elf annihilator misses you.
You're too confused to move!
The deep elf archer shoots an arrow.
The arrow hits you but does no damage.
The deep elf annihilator hits you but does no damage.
The deep elf archer misses you.
The deep elf zephyrmancer mumbles some strange words.
The deep elf zephyrmancer blinks!
Okay, then.
Okay, then.
You bump into the rock wall.
The deep elf archer hits you but does no damage.
The deep elf annihilator gestures at you while chanting.
The iron shot hits you!!!
You die...
Xom guffaws!

##...## ,
##.)...+#
##.<...(.##
,
#...)[....#
,
,+.......[.+
* *
*#..)......#
,
##..e....##
* , *
#+.....## *
* ##e@e## **
, #'### ** *
#.# * #.* *
* #' * * , ,
,.. , * * *
.. * ,, .e ,
, *


You could see a deep elf annihilator, 2 deep elf archers and a deep elf
zephyrmancer.

Vanquished Creatures
  Frances (D:12)
  A deep elf sorcerer (Elf:1)
  An orc warlord (Orc:2)
  Nessos (D:12)
  Snorg (D:13)
  Erolcha (D:12)
  2 hydras
  4 centaur warriors
  2 death knights (D:14)
  3 two-headed ogres
  2 dancing weapons
  3 orc high priests (Orc:2)
  Nergalle (Lair:4)
  2 deep elf knights (Elf:1)
  A deep troll (D:9)
  A skeletal warrior (D:14)
  3 deep elf archers (Elf:1)
  3 orc knights (Orc:2)
  A phantasmal warrior (D:14)
  A lindwurm (Lair:4)
  A necromancer (D:14)
  4 orc sorcerers (Orc:2)
  A deep elf pyromancer (D:12)
  A moth of wrath (D:12)
  2 cyclopes
  A manticore (D:13)
  An elephant (shapeshifter) (D:8)
  2 black mambas (Lair:2)
  2 molten gargoyles (Lair:3)
  A cane toad (shapeshifter) (D:14)
  5 cane toads
  A torpor snail (Lair:3)
  Maurice (D:8)
  An unseen horror (D:13)
  4 freezing wraiths (D:14)
  3 komodo dragons
  A kobold demonologist (D:10)
  3 rime drakes
  2 merfolk (Lair:3)
  4 polar bears
  2 queen bees
  4 trolls
  2 hornets
  10 blink frogs
  8 slime creatures
  2 shadows
  2 wraiths
  A wyvern (Lair:4)
  15 yaks
  A vampire (D:10)
  A basilisk (Lair:1)
  Grum (D:8)
  3 vampire mosquitoes (D:11)
  4 nagas (Lair:4)
  An acid dragon (D:14)
  2 wargs
  5 water moccasins
  A hornet zombie (D:7)
  38 orc warriors
  2 black bears
  2 sky beasts
  6 ogres
  2 ice beasts
  6 wolves
  A necrophage (D:5)
  A phantom (D:6)
  12 centaurs
  10 bullfrogs
  9 kobold brigands
  2 wyvern zombies
  A scorpion (D:4)
  34 killer bees
  14 wights
  4 electric eels
  A howler monkey (D:7)
  2 centaur zombies
  2 bullfrog zombies
  5 lava snakes (Lair:3)
  2 gnoll shamans
  2 hounds (D:5)
  4 jellies
  27 orc priests
  3 iguanas
  43 orc wizards
  3 killer bee zombies
  A hound skeleton (D:4)
  21 gnolls
  13 adders
  A white imp (D:5)
  An ufetubus (D:5)
  A worm (D:2)
  5 dart slugs
  82 orcs
  A bat (D:3)
  5 endoplasms
  A giant cockroach (D:2)
  16 goblins
  12 hobgoblins
  4 jackals
  6 quokkas
  4 ball pythons
  7 frilled lizards
  38 kobolds
  4 rats
602 creatures vanquished.

Vanquished Creatures (collateral kills)
  An orc high priest (Orc:2)
  A wraith (D:10)
  A kobold brigand (D:10)
  2 gnolls (Orc:2)
  An orc (Orc:2)
  2 kobolds (D:10)
8 creatures vanquished.

Vanquished Creatures (others)
  A centaur (D:12)
  142 fulminant prisms
  6 fungi
  17 plants
166 creatures vanquished.

Grand Total: 776 creatures vanquished

Notes
Turn   | Place    | Note
-------+----------+-------------------------------------------
     0 | D:1      | jestyr24 the Demonspawn Conjurer began the quest for the
                  | Orb.
     0 | D:1      | Reached XP level 1. HP: 13/13 MP: 3/3
   592 | D:1      | Gained mutation: You sometimes gain a little power by
                  | taking damage. [demonic ancestry]
   592 | D:1      | Reached XP level 2. HP: 15/19 MP: 0/5
   761 | D:1      | Found a faded altar of an unknown god.
   765 | D:1      | Became a worshipper of Xom of Chaos
   922 | D:1      | XOM: silly message
  1191 | D:1      | XOM: silly message
  1216 | D:1      | XOM: silly message
  1431 | D:1      | XOM: 1-stop teleportation journey
  1512 | D:2      | Reached XP level 3. HP: 24/24 MP: 4/6
  1718 | D:2      | Gained mutation: You have large cloven feet. [demonic
                  | ancestry]
  1718 | D:2      | Reached XP level 4. HP: 15/30 MP: 3/7
  1908 | D:2      | Found a sparkling altar of Nemelex Xobeh.
  2052 | D:2      | XOM: give mutations
  2052 | D:2      | Gained mutation: You evolve. [Xom's mischief]
  2052 | D:2      | Gained mutation: You do not regenerate when monsters are
                  | visible. [Xom's mischief]
  2318 | D:2      | XOM: stat loss: -1 Str (6/7)
  2420 | D:2      | Reached skill level 5 in Conjurations
  2467 | D:2      | XOM: scenery: 1 doors close
  2527 | D:2      | Found Rijazik's General Store.
  2634 | D:2      | XOM: cloud trail
  2735 | D:3      | XOM: cloud trail
  2794 | D:3      | XOM: silly message
  2807 | D:3      | Reached XP level 5. HP: 3/36 MP: 6/9
  2966 | D:3      | XOM: give mutations
  2966 | D:3      | Gained mutation: You passively map a small area around you.
                  | [Xom's mischief]
  2966 | D:3      | Gained mutation: You rapidly evolve. [Xom's mischief]
  2966 | D:3      | Lost mutation: You do not regenerate when monsters are
                  | visible. [Xom's mischief]
  2966 | D:3      | Gained mutation: Your natural rate of healing is unusually
                  | fast. [Xom's mischief]
  3006 | D:3      | XOM: give mutation
  3006 | D:3      | Lost mutation: You passively map a small area around you.
                  | [Xom's mischief]
  3058 | D:3      | XOM: 8-stop teleportation journey
  3189 | D:3      | Reached skill level 1 in Fighting
  3303 | D:3      | XOM: silly message
  3359 | D:3      | XOM: stat loss: -1 Str (6/7)
  3637 | D:3      | Found a bloodstained altar of Trog.
  3715 | D:3      | Learned a level 2 spell: Searing Ray
  3720 | D:3      | Learned a level 4 spell: Iskenderun's Mystic Blast
  3810 | D:3      | XOM: give mutations
  3810 | D:3      | Gained mutation: You have hoof-like feet. [Xom's mischief]
  3810 | D:3      | Gained mutation: Your spells are a little harder to cast,
                  | but a little more powerful. [Xom's mischief]
  3907 | D:3      | XOM: swap monsters
  4183 | D:4      | XOM: summons 3 hostile demons
  4184 | D:4      | Noticed a hellwing
  4261 | D:4      | XOM: give mutations
  4261 | D:4      | Lost mutation: Your spells are a little harder to cast, but
                  | a little more powerful. [Xom's mischief]
  4261 | D:4      | Gained mutation: You have hooves in place of feet. [Xom's
                  | mischief]
  4289 | D:4      | Gained mutation: You regenerate magic rapidly. [demonic
                  | ancestry]
  4289 | D:4      | Reached XP level 6. HP: 38/43 MP: 1/10
  4293 | D:4      | XOM: god gift: plate armour {god gift}
  4393 | D:4      | Reached skill level 2 in Fighting
  4543 | D:4      | Mutation became permanent: You have hoof-like feet.
                  | [demonic ancestry]
  4543 | D:4      | Gained mutation: You have hooves in place of feet. [demonic
                  | ancestry]
  4543 | D:4      | Reached XP level 7. HP: 47/50 MP: 7/12
  4708 | D:4      | XOM: summons 2 hostile demons
  4736 | D:4      | Found a staircase to the Ecumenical Temple.
  4811 | D:4      | XOM: divination: detect creatures
  5142 | D:4      | XOM: silly message
  5185 | D:5      | Entered Level 5 of the Dungeon
  5319 | D:5      | Noticed a hornet
  5334 | D:5      | Killed a hornet
  5335 | D:5      | Reached skill level 1 in Armour
  5407 | D:5      | XOM: 2-stop teleportation journey
  5432 | D:5      | Found a blossoming altar of Fedhas.
  5432 | D:5      | Found a blossoming altar of Fedhas.
  5432 | D:5      | XOM: 8-stop teleportation journey
  5526 | D:5      | Reached skill level 3 in Fighting
  5526 | D:5      | Gained mutation: When hurt, damage is shared between your
                  | health and your magic reserves. [demonic ancestry]
  5526 | D:5      | Reached XP level 8. HP: 58/58 MP: 8/14
  5851 | D:5      | Reached skill level 5 in Dodging
  6087 | D:6      | You fall into a shaft and drop 1 floor!
  6088 | D:7      | XOM: polymorph hound -> iguana
  6093 | D:7      | Reached skill level 4 in Fighting
  6197 | D:7      | Reached skill level 5 in Spellcasting
  6256 | D:7      | Gained mutation: Your muscles are strong. (Str +2)
                  | [evolution]
  6274 | D:7      | XOM: cleaving
  6413 | D:7      | Gained mutation: You sometimes gain power by taking damage.
                  | [demonic ancestry]
  6413 | D:7      | Reached XP level 9. HP: 66/66 MP: 12/16
  6460 | D:7      | XOM: god gift: 49 gold pieces
  6539 | D:7      | XOM: give mutations
  6539 | D:7      | Gained mutation: You have a somewhat thin skeletal
                  | structure. (Dex +2, Stealth) [Xom's grace]
  6539 | D:7      | Gained mutation: Your flesh is heat resistant. (rF+) [Xom's
                  | grace]
  6545 | D:7      | Learned a level 4 spell: Fulminant Prism
  6611 | D:7      | Found a burning altar of Makhleb.
  7140 | D:8      | Reached skill level 5 in Fighting
  7212 | D:8      | Noticed a glowing shapeshifter
  7212 | D:8      | a goblin changed into a glowing shapeshifter
  7212 | D:8      | XOM: polymorph goblin -> glowing shapeshifter
  7212 | D:8      | Noticed a deep troll
  7212 | D:8      | a glowing shapeshifter changed into a deep troll
  7215 | D:8      | a deep troll changed into a slime creature
  7225 | D:8      | Noticed a merfolk
  7225 | D:8      | a slime creature changed into a merfolk
  7227 | D:8      | XOM: scenery: 1 doors close
  7227 | D:8      | Noticed a manticore
  7227 | D:8      | a merfolk changed into a manticore
  7237 | D:8      | a manticore changed into a tarantella
  7275 | D:8      | Noticed a glowing shapeshifter
  7275 | D:8      | a swamp worm changed into a glowing shapeshifter
  7276 | D:8      | Noticed an elephant
  7276 | D:8      | a glowing shapeshifter changed into an elephant
  7278 | D:8      | Reached skill level 1 in Hexes
  7278 | D:8      | Reached skill level 1 in Translocations
  7281 | D:8      | XOM: enchant monster (good)
  7288 | D:8      | Killed an elephant
  7307 | D:8      | Found a flagged portal.
  7336 | Bailey   | Entered a bailey
  7377 | Bailey   | Noticed an orc warlord
  7489 | Bailey   | XOM: fog
  7542 | Bailey   | XOM: potion effect (invisibility)
  7586 | Bailey   | Found a runed translucent gate.
  7586 | Bailey   | Found a runed translucent gate.
  7588 | Bailey   | Found a runed translucent gate.
  7643 | Bailey   | XOM: 6-stop teleportation journey
  7686 | Bailey   | Lost mutation: You have hooves in place of feet.
                  | [evolution]
  7795 | Bailey   | Learned a level 3 spell: Dazzling Flash
  7853 | Bailey   | XOM: swap monsters
  7884 | Bailey   | XOM: chaos upgrade
  7889 | Bailey   | XOM: enchant monster (bad)
  8029 | D:8      | XOM: summons 5 hostile demons
  8030 | D:8      | Reached skill level 6 in Fighting
  8114 | D:8      | Noticed Maurice
  8131 | D:8      | Noticed Grum
  8144 | D:8      | XOM: swap monsters
  8153 | D:8      | Killed Grum
  8154 | D:8      | Reached XP level 10. HP: 49/77 MP: 6/18
  8219 | D:8      | Found an iron altar of Okawaru.
  8277 | D:8      | XOM: scenery: 2 doors open, 1 doors close
  8676 | D:9      | Noticed a two-headed ogre
  8679 | D:9      | Noticed a deep troll
  8679 | D:9      | a two-headed ogre changed into a deep troll
  8679 | D:9      | XOM: polymorph two-headed ogre -> deep troll
  8691 | D:9      | Killed a deep troll
  8692 | D:9      | Reached skill level 7 in Fighting
  8837 | D:8      | Killed Maurice
  8960 | D:9      | XOM: scenery: create altars
  8985 | D:10     | Entered Level 10 of the Dungeon
  8998 | D:10     | XOM: polymorph orc warrior -> ice beast
  9051 | D:9      | Reached skill level 8 in Fighting
  9083 | D:9      | Gained mutation: Your spells are a little harder to cast,
                  | but a little more powerful. [evolution]
  9115 | D:9      | XOM: scenery: summon butterflies
  9335 | D:9      | Identified the +6 spear "Zoadashy" {flame, rElec Str-4
                  | Int+4 Dex+5}
  9363 | D:9      | Found a hazy altar of Hepliaklqana.
  9430 | D:9      | Found a shadowy altar of Dithmenos.
  9535 | D:9      | Noticed a two-headed ogre
  9541 | D:9      | Killed a two-headed ogre
  9542 | D:9      | Reached skill level 5 in Hexes
  9594 | D:9      | Found a shimmering blue altar of Sif Muna.
  9594 | D:9      | Noticed a two-headed ogre
  9602 | D:9      | Killed a two-headed ogre
  9603 | D:9      | Reached skill level 9 in Fighting
  9855 | D:10     | XOM: 4-stop teleportation journey
  9878 | D:10     | Identified a scroll of acquirement
  9879 | D:10     | Acquired 659 gold pieces
  9957 | D:10     | Found a staircase to the Orcish Mines.
 10006 | D:10     | Gained mutation: You have an unusually large brain. (Int
                  | +2) [demonic ancestry]
 10006 | D:10     | Reached XP level 11. HP: 88/90 MP: 19/19
 10125 | D:10     | Reached skill level 10 in Fighting
 10148 | D:10     | Killed a +0 club
 10237 | D:10     | XOM: summons friendly ice devil
 10262 | D:10     | Found a staircase to the Lair.
 10411 | D:10     | XOM: god gift: 2 javelins
 10456 | D:10     | XOM: god gift: potion of heal wounds
 10507 | D:10     | XOM: god gift: 604 gold pieces
 10517 | D:10     | Found a hide-covered altar of Uskayaw.
 10558 | D:10     | Lost mutation: Your spells are a little harder to cast, but
                  | a little more powerful. [evolution]
 10660 | D:11     | XOM: divination: magic mapping
 10921 | D:11     | XOM: scenery: create altars
 11129 | D:11     | XOM: cloud trail
 11162 | D:11     | Noticed a two-headed ogre
 11176 | D:11     | Killed a two-headed ogre
 11177 | D:11     | Reached skill level 11 in Fighting
 11422 | D:12     | Noticed Erolcha
 11424 | D:12     | Cast into level 1 of the Abyss (Erolcha)
 11424 | D:12     | Escaped the Abyss
 11424 | D:12     | XOM: revert banishment
 11430 | D:12     | Killed Erolcha
 11443 | D:12     | XOM: scenery: create altars
 11448 | D:12     | XOM: god gift: pink potion {god gift}
 11538 | D:12     | Noticed a seven-headed hydra
 11552 | D:12     | Killed a seven-headed hydra
 11607 | D:12     | Noticed Nessos
 11615 | D:12     | XOM: 5-stop teleportation journey
 11652 | D:12     | XOM: 1-stop teleportation journey
 11730 | D:12     | Noticed a deep elf pyromancer
 11903 | D:12     | XOM: give mutations
 11903 | D:12     | Gained mutation: You passively map a small area around you.
                  | [Xom's grace]
 11903 | D:12     | Gained mutation: You are robust. (+10% HP) [Xom's grace]
 11937 | D:12     | XOM: fog
 12029 | D:12     | Killed a deep elf pyromancer
 12052 | D:12     | XOM: cleaving
 12069 | D:12     | Noticed a centaur warrior
 12096 | D:11     | XOM: cloud trail
 12184 | D:12     | XOM: fog
 12201 | D:12     | XOM: god gift: scroll of enchant weapon
 12284 | D:12     | XOM: enchant monster (good)
 12288 | D:13     | XOM: enchant monster (good)
 12302 | D:12     | XOM: give mutations
 12302 | D:12     | Lost mutation: You rapidly evolve. [Xom's mischief]
 12302 | D:12     | Gained mutation: You tend to lose your temper in combat.
                  | [Xom's mischief]
 12302 | D:12     | Lost mutation: Your muscles are strong. (Str +2) [Xom's
                  | mischief]
 12398 | D:12     | XOM: scenery: create altars
 12400 | D:12     | XOM: smoke on damage
 12404 | D:12     | Killed a centaur warrior
 12419 | D:12     | Noticed Frances
 12546 | D:12     | XOM: enchant monster (good)
 12549 | D:12     | XOM: confuse monster(s)
 12569 | D:12     | Killed Nessos
 12570 | D:12     | Reached XP level 12. HP: 95/112 MP: 10/22
 12654 | D:12     | XOM: enchant monster (bad)
 12658 | D:12     | Killed Frances
 12759 | D:12     | Reached skill level 12 in Fighting
 12887 | Lair:1   | XOM: noise
 12887 | Lair:1   | Entered Level 1 of the Lair of Beasts
 13368 | Lair:1   | XOM: polymorph yak -> queen bee
 13376 | Lair:1   | Reached skill level 1 in Maces & Flails
 13459 | Lair:1   | XOM: god gift: robe {god gift}
 13500 | Lair:1   | Gained mutation: You sometimes lose the ability to read
                  | scrolls when taking damage. [evolution]
 13722 | Lair:2   | Identified the +6 trident of Vogakuh {elec, +Blink Int+4}
 13903 | Lair:2   | XOM: noise
 14050 | Lair:2   | Reached skill level 1 in Polearms
 14123 | Lair:2   | XOM: enchant monster (bad)
 14345 | Lair:2   | Gained mutation: You have sharp fingernails. [evolution]
 14589 | Lair:2   | Reached skill level 1 in Evocations
 14605 | Lair:2   | XOM: summons 1 hostile demon
 14824 | Lair:3   | Reached skill level 10 in Conjurations
 14895 | Lair:3   | XOM: 1-stop teleportation journey
 14906 | Lair:3   | XOM: divination: magic mapping
 15122 | Lair:3   | XOM: silly message
 15159 | Lair:3   | Found a staircase to the Shoals.
 15266 | Lair:3   | You fall into a shaft and drop 1 floor!
 15266 | Lair:4   | Found a staircase to the Snake Pit.
 15282 | Lair:4   | Noticed Nergalle
 15285 | Lair:4   | XOM: destruction
 15306 | Lair:4   | Reached XP level 13. HP: 79/112 MP: 4/26
 15313 | Lair:4   | XOM: noise
 15350 | Lair:4   | XOM: enchant monster (bad)
 15358 | Lair:3   | XOM: blink monster(s)
 15362 | Lair:3   | Reached skill level 5 in Stealth
 15461 | Lair:4   | Killed Nergalle
 15462 | Lair:4   | Reached skill level 13 in Fighting
 15608 | Lair:4   | Acquired a staff of conjuration
 16164 | Orc:1    | Entered Level 1 of the Orcish Mines
 16481 | Orc:2    | Entered Level 2 of the Orcish Mines
 16481 | Orc:2    | Found Ten Sua's Antique Armour Boutique.
 16481 | Orc:2    | Found a staircase to the Elven Halls.
 16482 | Orc:2    | XOM: summons 1 hostile demon
 16564 | Orc:2    | XOM: summons 7 hostile demons
 16700 | Orc:2    | XOM: give mutation
 16700 | Orc:2    | Lost mutation: You sometimes lose the ability to read
                  | scrolls when taking damage. [Xom's mischief]
 16752 | Orc:2    | XOM: 1-stop teleportation journey
 16986 | Orc:2    | Paralysed by an orc sorcerer for 5 turns
 17026 | Orc:2    | XOM: potion effect (invisibility)
 17027 | Orc:2    | Noticed an orc warlord
 17028 | Orc:2    | XOM: silly message
 17123 | Orc:2    | XOM: smoke on damage
 17663 | Orc:2    | XOM: noise
 17695 | Orc:2    | Killed an orc warlord
 18112 | Orc:2    | Found Keedegy's General Store.
 18113 | Orc:2    | Found Errasch's Jewellery Boutique.
 18115 | Orc:2    | Found Ulablace's Antique Armour Shop.
 18115 | Orc:2    | Found Teoloo Miuni's Antique Weapon Shop.
 18218 | Orc:2    | XOM: divination: detect creatures
 18419 | Orc:1    | XOM: divination: magic mapping
 18464 | Orc:1    | Found Xeem's General Store.
 18907 | Lair:3   | Found a transporter.
 18907 | Lair:3   | Noticed Jempith's ghost (journeyman MiFi)
 18910 | Lair:3   | Found a transporter.
 18995 | Lair:3   | Reached skill level 10 in Spellcasting
 19379 | D:6      | XOM: cloud trail
 19698 | D:6      | XOM: noise
 19700 | D:6      | XOM: divination: detect creatures
 19841 | D:7      | XOM: noise
 20078 | D:13     | XOM: cast spell 'Cause Fear'
 20082 | D:13     | XOM: divination: detect items
 20104 | D:13     | XOM: confuse monster(s)
 20112 | D:13     | Gained mutation: You have an extremely huge brain. (Int +4)
                  | [demonic ancestry]
 20112 | D:13     | Reached XP level 14. HP: 106/130 MP: 11/28
 20112 | D:13     | XOM: potion effect (might)
 20159 | D:13     | Noticed Snorg
 20168 | D:13     | Killed Snorg
 20191 | D:13     | XOM: noise
 20376 | D:13     | Found a transporter.
 20376 | D:13     | Found a transporter.
 20434 | D:13     | XOM: 1-stop teleportation journey
 20472 | D:13     | Reached skill level 5 in Evocations
 20697 | D:13     | XOM: silly message
 20844 | D:13     | XOM: give mutation
 20844 | D:13     | Gained mutation: You sometimes lose the ability to read
                  | scrolls when taking damage. [Xom's mischief]
 21343 | D:14     | XOM: smoke on damage
 21349 | D:14     | XOM: divination: detect creatures
 21352 | D:14     | XOM: silly message
 21354 | D:14     | Reached skill level 14 in Fighting
 21366 | D:14     | XOM: divination: magic mapping
 21379 | D:14     | XOM: confuse monster(s)
 21381 | D:14     | XOM: polymorph centaur -> bullfrog
 21424 | D:14     | XOM: enchant monster (bad)
 21664 | Orc:2    | Bought a jewelled helmet for 237 gold pieces
 21664 | Orc:2    | Identified the +0 helmet of Privacy {Str+5} (You bought it
                  | in a shop on level 2 of the Orcish Mines)
 21742 | Orc:1    | Bought a book of the Sky for 910 gold pieces
 21752 | Orc:1    | Learned a level 9 spell: Tornado
 21906 | Elf:1    | Entered Level 1 of the Elven Halls
 21906 | Elf:1    | Noticed a deep elf sorcerer
 21907 | Elf:1    | XOM: potion effect (curing)
 21911 | Elf:1    | Reached skill level 1 in Air Magic
 21911 | Elf:1    | Killed a deep elf sorcerer
 21937 | Orc:2    | XOM: cast spell 'Metabolic Englaciation'
 22263 | Elf:1    | XOM: noise
 22268 | Elf:1    | HP: 6/132 [deep elf zephyrmancer/bolt of lightning (21)]
 22270 | Elf:1    | Killed from afar by a deep elf annihilator

Illustrated notes

Levels and vault maps discovered:
D:1:      minmay_arrival_loop, layout_basic, basic_ecumenical_altar
D:2:      layout_basic, serial_shops, nicolae_shop_statue_plus, basic_altar
D:3:      layout_basic, general_overflow_altar
D:4:      layout_basic, minmay_temple_entry_ruins, minmay_manual_moon
D:5:      layout_basic, fedhas_bush_and_centaur_altar, kennysheep_little_box,
          serial_bayou_pond_e, minmay_misc_feat_rugged, kennysheep_flooded_box
D:6:      layout_rooms, serial_corexii_hall, corexii_hall_statues_i,
          corexii_hall_statues_x
D:7:      layout_basic, kennysheep_mini_moat
D:8:      layout_gridville, okawaru_metal_pillars_3, enter_bailey_5,
          uniq_maurice, uniq_grum
D:9:      layout_long_grid, kennysheep_mini, overflow_temple_1_default,
          gammafunk_temple_overflow_pools
D:10:     layout_cave_pools, nicolae_uskayaw_dance_hall, lair_entry_dummy,
          orc_0_dummy, serial_bayou, serial_bayou_pond_c, serial_bayou_pond_d,
          serial_bayou_shore_a, serial_bayou_shore_b, special_room
          [special_room_kobold], kennysheep_path_1
D:11:     layout_rooms
D:12:     layout_loops_ring, uniq_nessos, uniq_frances, uniq_erolcha
D:13:     gammafunk_boulding_lane, layout_long_grid, uniq_snorg
D:14:     layout_loops_ring, david_vaults_1, ebering_dispersal_statue_hall,
          the_bakery
Lair:1:   layout_loops_ring
Lair:2:   layout_gridlike, special_room [special_room_bee], lemuel_fruit_tree
Lair:3:   cheibrodos_magma_flow, layout_cave_shapes, elwin_shoals_entry_rooms,
          gammafunk_ghost_arena, infiniplex_staircase_pool, lemuel_fruit_fields
Lair:4:   layout_roguey, minmay_snake_entry_guardpost_small,
          infiniplex_staircase_pool_2, grunt_megastairs_2, uniq_nergalle
Orc:1:    layout_caves, serial_shops, nicolae_shop_behind_doors
Orc:2:    st_orc_congregation, layout_diamond_mine, basic_altar, serial_shops,
          shop
Elf:1:    layout_geoelf_grid, serial_shops, shop, minmay_elf_demonology,
          minivault_25, uniq_nikola

Skill      XL: |  1  2  3  4  5  6  7  8  9 10 11 12 13 14 |
---------------+-------------------------------------------+-----
Dodging        | 2 3 4 5 6 |  6.6
Stealth        | 2 3 4 6 |  6.5
Conjurations   | 5 6 7 8 10 11 | 11.5
Fighting       | 1 2 3 4 6 9 11 12 13 14 | 14.1
Spellcasting   | 3 4 5 7 9 10 | 10.5
Armour         | 1 |  1.0
Hexes          | 3 5 |  5.6
Translocations | 3 4 |  4.9
Maces & Flails | 3 |  3.3
Polearms       | 1 |  1.3
Evocations     | 2 4 5 |  5.5
Air Magic      | 4 |  4.1
Throwing       | |  0.7

Action                   |  1- 3 |  4- 6 |  7- 9 | 10-12 | 13-15 || total
-------------------------+-------+-------+-------+-------+-------++-------
Melee: Unarmed           |     9 |       |       |       |       ||     9
       Dagger            |    39 |   160 |   135 |   279 |       ||   613
       Kick              |       |    22 |    34 |    18 |       ||    74
       Short sword       |       |       |    13 |       |       ||    13
       Trident           |       |       |       |   116 |   247 ||   363
       Staff             |       |       |       |       |    11 ||    11
Throw: Javelin           |       |       |       |    11 |     3 ||    14
       Dart              |       |       |       |       |    36 ||    36
 Cast: Magic Dart        |    45 |    55 |    96 |    69 |   101 ||   366
       Searing Ray       |       |     7 |    49 |    83 |    66 ||   205
       Iskenderun's Myst |       |       |     7 |    26 |    48 ||    81
       Fulminant Prism   |       |       |     3 |    60 |    80 ||   143
       Dazzling Flash    |       |       |     2 |     1 |       ||     3
 Abil: Evoke Blink       |       |       |       |       |     1 ||     1
Evoke: Wand              |       |       |     1 |     1 |       ||     2
  Use: Scroll            |       |     3 |     8 |    12 |     5 ||    28
       Potion            |       |     2 |       |     7 |     8 ||    17
 Stab: Sleeping          |     1 |     3 |     3 |     5 |     2 ||    14
       Distracted        |       |     1 |       |       |     1 ||     2
       Petrified         |       |       |       |     9 |     2 ||    11
       Confused          |       |       |       |       |     2 ||     2
Armor: Robe              |    16 |    54 |       |       |       ||    70
       Leather armour    |       |       |    72 |   101 |       ||   173
       Troll leather arm |       |       |       |    42 |   136 ||   178
Dodge: Dodged            |    33 |   121 |   336 |   566 |   443 ||  1499
Block: Buckler           |       |       |       |       |     1 ||     1

Table legend: (Time is in decaauts)
 A = Elapsed time spent in this place.
 B = Non-inter-level travel time spent in this place.
 C = Inter-level travel time spent in this place.
 D = Time resting spent in this place.
 E = Time spent auto-exploring this place.
 F = Levels seen in this place.
 G = Mean time per level.
                   A        B        C        D        E       F      G
               +--------+--------+--------+--------+--------+-----+--------+
         Total |  22527 |  20882 |   1645 |   3666 |   9606 |  23 |  979.4 |
       Dungeon |  14834 |  13878 |    956 |   2269 |   7094 |  14 | 1059.6 |
          Lair |   3782 |   3482 |    300 |    561 |   1739 |   4 |  945.5 |
  Orcish Mines |   3205 |   2817 |    388 |    625 |    743 |   2 | 1602.5 |
   Elven Halls |    116 |    116 |      0 |     40 |      0 |   1 |  116.0 |
         Abyss |      0 |      0 |      0 |      0 |      0 |   1 |    0.0 |
        Bailey |    589 |    589 |      0 |    170 |     30 |   1 |  589.0 |
               +--------+--------+--------+--------+--------+-----+--------+

Top non-repeatable levels by time:
   Orc:2: 2429 daAuts
     D:1: 1454 daAuts
    D:12: 1340 daAuts
     D:3: 1294 daAuts
    D:10: 1277 daAuts
     D:2: 1259 daAuts
     D:4: 1177 daAuts
  Lair:2: 1168 daAuts
     D:7: 1164 daAuts
     D:9: 1101 daAuts
     D:8: 1016 daAuts
  Lair:1: 960 daAuts
    D:13: 918 daAuts
  Lair:3: 858 daAuts
     D:5: 849 daAuts
